 Dungeon Crawl Stone Soup version 0.29-a0-541-gaf1fc19f1b (webtiles) character file.

Game seed: 2771528740190114219

114 happo123 the Sneak (level 5, -1/29 HPs)
             Began as a Kobold Enchanter on June 2, 2022.
             Killed by divine providence
             ... invoked by an orc priest
              (13 damage)
             ... on level 3 of the Dungeon.
             The game lasted 00:09:41 (3111 turns).

happo123 the Sneak (Kobold Enchanter)               Turns: 3111, Time: 00:09:41

Health: -1/29      AC:  3    Str:  5    XL:     5   Next: 19%
Magic:  5/9        EV: 15    Int: 18    God:
Gold:   101        SH:  5    Dex: 16    Spells: 1/9 levels left

rFire   + + .      SeeInvis +   q - +7 dagger "Weubboija" {elec, rF++ Will+ SInv}
rCold   . . .      Faith    .   (no shield)
rNeg    . . .      Spirit   .   b - +0 robe
rPois   .          Reflect  +   (no helmet)
rElec   .          Harm     .   (no cloak)
rCorr   .          Rampage  .   (no gloves)
Will    +....                   n - +0 pair of boots
Stlth   ++++......              k - amulet of reflection
HPRegen 0.09/turn               (no ring)
MPRegen 0.11/turn               (no ring)

@: confusing by touch
A: small, no large weapons, nightstalker 3
a: no special abilities


You were on level 3 of the Dungeon.
You visited 1 branch of the dungeon, and saw 3 of its levels.

You collected 101 gold pieces.

Inventory:

Hand Weapons
 a - a +1 dagger
 q - the +7 dagger "Weubboija" (weapon) {elec, rF++ Will+ SInv}
   (You found it on level 3 of the Dungeon)

   It occasionally discharges a powerful burst of electricity upon striking a
   foe.
   rF:        It greatly protects you from fire.
   SInv:      It lets you see invisible.
   Will:      It increases your willpower.
Armour
 b - a +0 robe (worn)
 n - a +0 pair of boots (worn)
Jewellery
 k - an amulet of reflection (around neck)
Scrolls
 e - 3 scrolls of identify {unknown}
 f - a scroll of summoning {unknown}
 g - 2 scrolls of teleportation {unknown}
 i - a scroll of fear {unknown}
 m - a scroll of silence {unknown}
 o - a scroll of vulnerability {unknown}
 p - a scroll of acquirement {unknown}
Potions
 c - 3 potions of invisibility
 d - a potion of haste {unknown}
 h - a potion of mutation {unknown}
 j - 2 potions of resistance {unknown}
 l - a potion of degeneration {unknown}


   Skills:
 + Level 1.2 Fighting
 + Level 2.6 Short Blades
 + Level 3.3 Dodging
 + Level 4.8 Stealth
 + Level 2.7 Spellcasting
 * Level 3.8 Hexes


You had one spell level left.
You knew the following spells:

 Your Spells              Type           Power      Damage    Failure   Level
a - Ensorcelled Hibernat  Hex/Ice        18%        N/A       12%         2
b - Confusing Touch       Hex            16%        N/A       11%         3
c - Tukima's Dance        Hex            16%        N/A       11%         3

Your spell library contained the following spells:

 Spells                   Type           Power      Damage    Failure   Level
 Magic Dart               Conj           8%         1d3       17%         1
 Dazzling Flash           Conj/Hex       18%        N/A       22%         3
 Call Imp                 Summ           2%         N/A       26%         2
 Poisonous Vapours        Pois/Air       4%         N/A       26%         2
 Mephitic Cloud           Conj/Pois/Air  2%         N/A       45%         3
 Animate Armour           Summ/Erth      4%         N/A       86%         4
 Corpse Rot               Necr/Pois/Air  2%         N/A       86%         4
 Blade Hands              Tmut           1%         N/A       99%         5
 Iron Shot                Conj/Erth      1%         9d1       100%        6


Dungeon Overview and Level Annotations

Branches:
Dungeon (3/15)

Altars:


Innate Abilities, Weirdness & Mutations

You are small and have problems with some larger weapons.
You are completely attuned to the shadows.


Message History

Found a stone staircase leading up.
An orc comes into view. It is wielding a +0 hand axe.
A rat, an orc and a kobold come into view.
An orc wizard comes into view. It is wielding a +0 dagger.
Found 11 gold pieces.
You barely miss the orc. The orc misses you.
Aiming: Ensorcelled Hibernation (safe; 12% risk of failure)
Press: ? - help, Q - select action Shift-Dir - straight line, f - orc
Aim: an orc, wielding a +0 flail and wearing a +0 ring mail (chance to affect: 61%)
The orc looks drowsy...
The helpless orc fails to defend itself.
You perforate the orc like a sieve!!!
You kill the orc!
An orc priest comes into view. It is wielding a +0 short sword.
There is a stone staircase leading up here.
Things that are here:
a +0 flail; a +0 ring mail; an orc corpse An orc comes into view.
It is wielding a +0 whip.
The orc priest shouts!
The orc wizard shouts!
The orc shouts!
You hear a shout!
The kobold shouts!
You hear a shout!
The orc wizard mumbles some strange words.
The orc wizard flickers and vanishes for a moment.
The orc priest mumbles some strange prayers to Beogh against you.
Pain shoots through your body!
The orc priest casts a cantrip, but nothing happens.
You puncture the rat!
You kill the rat!
Casting: Ensorcelled Hibernation (safe; 12% risk of failure)
Confirm with . or Enter, or press ? or * to list all spells.
The spell is quite dangerous to miscast (11% risk of failure)!
Continue anyway? [Y]es or [N]o only, please.
The spell is quite dangerous to miscast (11% risk of failure)!
Continue anyway?
Your hands begin to glow red.
The orc priest hits you with a +0 short sword.
An orc comes into view. It is wielding a +0 flail.
You hit the orc priest but do no damage.
The orc priest mumbles some strange prayers to Beogh against you.
Beogh smites you!
You die...

#..........#
#..........#
#...########
#...# #...#
.. #...#
o..#...#
...#..o####
..$.o.oo@.+
......K####
.......#
..#....#
###....#
#....#


You could see an orc priest, an orc wizard (invisible), 2 orcs and a kobold.

Vanquished Creatures
  An orc priest (D:3)
  An adder (D:2)
  6 dart slugs
  5 orcs (D:3)
  7 endoplasms
  2 giant cockroaches (D:1)
  3 goblins (D:1)
  3 hobgoblins (D:1)
  3 jackals (D:2)
  4 kobolds
  3 quokkas (D:1)
  5 ball pythons (D:1)
  6 bats
  2 frilled lizards
  7 rats
58 creatures vanquished.

Notes
Turn   | Place    | Note
-------+----------+-------------------------------------------
     0 | D:1      | happo123 the Kobold Enchanter began the quest for the Orb.
     0 | D:1      | Reached XP level 1. HP: 10/10 MP: 3/3
   260 | D:1      | Reached XP level 2. HP: 15/15 MP: 5/5
   263 | D:1      | Learned a level 2 spell: Ensorcelled Hibernation
   765 | D:1      | Reached XP level 3. HP: 19/19 MP: 6/6
   769 | D:1      | Learned a level 3 spell: Confusing Touch
  1932 | D:2      | Reached XP level 4. HP: 24/24 MP: 7/7
  1936 | D:2      | Learned a level 3 spell: Tukima's Dance
  1976 | D:2      | Found a faded altar of an unknown god.
  2884 | D:3      | Identified the +7 dagger "Weubboija" {elec, rF++ Will+
                  | SInv}
  2944 | D:3      | Reached skill level 1 in Fighting
  2944 | D:3      | Reached XP level 5. HP: 19/29 MP: 5/9
  3111 | D:3      | Killed from afar by an orc priest

Illustrated notes

Levels and vault maps discovered:
D:1:      ebering_trefoil_twist, layout_basic
D:2:      layout_basic, dreamdust_ecumenical_altar_statues
D:3:      layout_basic, ebering_ghost_reflecting_pool, st_stairs_7

Skill      XL: |  1  2  3  4 |
---------------+-------------+-----
Short Blades   | 2 |  2.6
Dodging        | 3 |  3.3
Fighting       | 1 |  1.2
Stealth        | |  4.8
Spellcasting   | |  2.7
Hexes          | |  3.8

Action                   |  1- 3 |  4- 6 || total
-------------------------+-------+-------++-------
Melee: Dagger            |    57 |    40 ||    97
 Cast: Ensorcelled Hiber |    17 |    13 ||    30
       Confusing Touch   |       |     1 ||     1
 Stab: Sleeping          |    27 |    15 ||    42
Armor: Robe              |     1 |     5 ||     6
Dodge: Dodged            |    24 |    28 ||    52
Block: Other             |       |     5 ||     5

Table legend: (Time is in decaauts)
 A = Elapsed time spent in this place.
 B = Non-inter-level travel time spent in this place.
 C = Inter-level travel time spent in this place.
 D = Time resting spent in this place.
 E = Time spent auto-exploring this place.
 F = Levels seen in this place.
 G = Mean time per level.
                   A        B        C        D        E       F      G
               +--------+--------+--------+--------+--------+-----+--------+
         Total |   3101 |   3003 |     98 |     51 |   2571 |   3 | 1033.7 |
       Dungeon |   3101 |   3003 |     98 |     51 |   2571 |   3 | 1033.7 |
               +--------+--------+--------+--------+--------+-----+--------+

Top non-repeatable levels by time:
     D:1: 1678 daAuts
     D:2: 1181 daAuts
     D:3: 242 daAuts
